 Dungeon Crawl Stone Soup version 0.31-a0-704-g1016066182 (webtiles) character file.

Game seed: 10402576019664741173

1458 Gargoyl the Chopper (level 8, -3/73 HPs)
             Began as a Gargoyle Berserker on Sept 9, 2023.
             Was a Priest of Trog.
             Splashed by a jelly's acid (9 damage)
             ... on level 5 of the Dungeon.
             The game lasted 00:05:46 (4343 turns).

Gargoyl the Chopper (Gargoyle Berserker)            Turns: 4343, Time: 00:05:48

Health: -3/73      AC:  0    Str: 21    XL:     8   Next: 76%
Magic:  8/8        EV: 11    Int: 14    God:    Trog [***...]
Gold:   240        SH:  0    Dex: 11    Spells: 7/7 levels left

rFire   . . .        p - +5 war axe
rCold   . . .        (no shield)
rNeg    + . .        d - +0 ring mail
rPois   ∞            (no helmet)
rElec   +            (no cloak)
rCorr   .            (no gloves)
SInv    .            (no boots)
Will    .....        e - amulet of regeneration Stlth
                     n - +6 ring of intelligence
HPRegen 1.12/turn    (no ring)
MPRegen 0.11/turn

%: no passive effects
@: berserking, corroded, very quick
A: sickness immunity, AC +5, negative energy resistance 1, electricity
resistance, torment resistance 1, petrification resistance
a: Renounce Religion, Berserk, Trog's Hand


You were on level 5 of the Dungeon.
You worshipped Trog.
Trog was most pleased with you.
You visited 1 branch of the dungeon, and saw 5 of its levels.

You collected 240 gold pieces.

Inventory:

Hand Weapons
 a - a +0 hand axe
 p - a +5 war axe (weapon)
Missiles
 m - 5 poisoned darts (quivered)
Armour
 d - a +0 ring mail (worn)
Jewellery
 e - an amulet of regeneration (around neck)
 n - a +6 ring of intelligence (left hand)
Scrolls
 b - 7 scrolls of teleportation
 f - a scroll of fear
 k - 2 scrolls of immolation
 l - a scroll of fog
 q - a scroll of butterflies
Potions
 c - 3 potions of enlightenment
 g - a potion of attraction {unknown}
 h - a potion of haste {unknown}
 i - 2 potions of curing {unknown}
 j - 3 potions of heal wounds {unknown}
 o - a potion of berserk rage {unknown}
 r - a potion of cancellation {unknown}
 s - a potion of might {unknown}


   Skills:
 + Level 5.3 Fighting
 + Level 7.8 Axes
 + Level 5.1 Armour
 + Level 3.3 Dodging
 + Level 0.7 Stealth


You had 7 spell levels left.
You didn't know any spells.
Your spell library was empty.

Dungeon Overview and Level Annotations

Branches:
Dungeon (5/15)             Temple (0/1) D:5

Altars:
Yredelemnul

Shops:
D:2 :


Innate Abilities, Weirdness & Mutations

You are immune to sickness and miasma.
Your stone body is resilient. (AC +5)
You are immune to poison.
You resist negative energy. (rN+)
You are resistant to electric shocks. (rElec)
You are resistant to unholy torment.
You are immune to petrification.


Message History

You kill the scorpion!
Trog accepts your kill.
Unknown command.
Unknown command.
You hear a distant slurping noise.
A jelly comes into view.
A jelly is nearby!
The jelly quivers.
You slash the jelly! The acid corrodes you!
Your hands burn!
The jelly is heavily wounded.
The jelly hits you. The acid corrodes you!
You are splashed with acid.
You completely miss the jelly.
The jelly is heavily wounded.
The jelly closely misses you.
Unknown command.
You hit the jelly. The acid corrodes you!
Your hands burn!
The jelly is heavily wounded.
The jelly hits you but does no damage.
Unknown command.
You hit the jelly. The acid corrodes you!
Your hands burn!
The jelly is heavily wounded.
The jelly barely misses you. The jelly hits you.
You are splashed with acid!
Unknown command.
You slash the jelly!
Your hands burn!
The jelly is almost dead.
The jelly hits you. The acid corrodes you!
You are splashed with acid.
* * * LOW HITPOINT WARNING * * *
Unknown command.
A red film seems to cover your vision as you go berserk!
You feel yourself moving faster!
You feel mighty! The jelly hits you.
* * * LOW HITPOINT WARNING * * *
You are splashed with acid!
* * * LOW HITPOINT WARNING * * *
You hit the jelly.
Your hands burn!
* * * LOW HITPOINT WARNING * * *
The jelly is almost dead.
The jelly hits you.
* * * LOW HITPOINT WARNING * * *
The acid corrodes you!
You are splashed with acid!
You die...

######### #.......# #.#####.# #.#
###.####### ### #.# #.........#
##>##### #.###.........###...#...
#.#.....#####.##..(.....
#......@### #...........
###.#..J..# #.####.##... ..
#.....#.###.# #.##... #.#
###.........# #.##### #.#
#####.##### ##'## #.# #.# ##...##
#.##### ##.# ##.....## ##.....#
#######..# ##..)....##
##...##.###........####..>..[...#


You could see a jelly.

Vanquished Creatures
  Grinder (D:5)
  The ghost of DarkabusHale the Magician, an amateur DjVM of Qazlal (D:4)
  A centaur (D:5)
  A necrophage (D:4)
  4 wights (D:4)
  A scorpion (D:5)
  A water moccasin zombie (D:4)
  An orc priest (D:4)
  3 hounds
  A human zombie (D:4)
  A bullfrog skeleton (D:4)
  A centaur skeleton (D:4)
  2 iguanas (D:5)
  2 orc wizards (D:4)
  A scorpion zombie (D:4)
  Terence (D:2)
  3 mummies (D:4)
  4 gnolls (D:2)
  7 adders
  An adder zombie (D:4)
  2 worms
  3 dart slugs
  7 orcs
  5 endoplasms
  6 giant cockroaches
  9 goblins
  7 hobgoblins
  13 jackals
  5 kobolds
  5 quokkas
  6 ball pythons (D:1)
  7 bats
  9 frilled lizards
  4 rats
126 creatures vanquished.

Notes
Turn   | Place    | Note
-------+----------+-------------------------------------------
     0 | D:1      | Gargoyl the Gargoyle Berserker began the quest for the Orb.
     0 | D:1      | Reached XP level 1. HP: 14/14 MP: 1/1
    79 | D:1      | Reached XP level 2. HP: 14/19 MP: 2/2
   126 | D:1      | Reached skill level 3 in Axes
   286 | D:1      | Reached ** piety under Trog
   287 | D:1      | Reached XP level 3. HP: 24/24 MP: 3/3
   783 | D:2      | Noticed Terence
   795 | D:2      | Killed Terence
   796 | D:2      | Reached XP level 4. HP: 29/29 MP: 4/4
   978 | D:2      | Found a faded altar of an unknown god.
   993 | D:2      | Reached skill level 4 in Axes
   993 | D:2      | Reached XP level 5. HP: 33/33 MP: 5/5
  1095 | D:2      | Found Yronerphi's Book Emporium.
  2555 | D:4      | Found a basalt altar of Yredelemnul.
  2586 | D:4      | Reached XP level 6. HP: 26/38 MP: 6/6
  2629 | D:4      | Reached skill level 5 in Axes
  2695 | D:4      | Reached XP level 7. HP: 40/44 MP: 7/7
  2724 | D:4      | Reached *** piety under Trog
  3322 | D:4      | Found a runed translucent gate.
  3322 | D:4      | Found a runed translucent gate.
  3323 | D:4      | Found a runed translucent gate.
  3325 | D:4      | Noticed DarkabusHale's ghost (amateur DjVM)
  3333 | D:4      | Reached skill level 6 in Axes
  3335 | D:4      | Killed DarkabusHale's ghost
  3336 | D:4      | Reached XP level 8. HP: 48/48 MP: 8/8
  3574 | D:4      | Reached skill level 5 in Fighting
  3865 | D:5      | Entered Level 5 of the Dungeon
  3872 | D:5      | Reached skill level 7 in Axes
  4009 | D:5      | Found a staircase to the Ecumenical Temple.
  4106 | D:5      | Noticed Grinder
  4121 | D:5      | Killed Grinder
  4122 | D:5      | Reached skill level 5 in Armour
  4343 | D:5      | Splashed by a jelly's acid

Illustrated notes

Levels and vault maps discovered:
D:1:      dpeg_arrival_castle, layout_basic, minmay_octomino_j4
D:2:      layout_basic, serial_shops, nicolae_shop_just_a_little_nook,
          hellmonk_ecumenical_altar_pennies_from_heaven, uniq_terence
D:3:      layout_basic
D:4:      minmay_evil_eye, layout_basic, lemuel_mausoleum_altar_yredelemnul,
          gammafunk_ghost_necromancy
D:5:      layout_loops_corners, minmay_temple_entry_statues_fountains,
          uniq_sigmund, uniq_grinder

Skill      XL: |  1  2  3  4  5  6  7  8 |
---------------+-------------------------+-----
Axes           | 3 4 5 6 7 |  7.8
Fighting       | 4 5 |  5.3
Dodging        | 2 3 |  3.3
Armour         | 3 4 5 |  5.1
Stealth        | |  0.7

Action                     |  1- 3 |  4- 6 |  7- 9 || total
---------------------------+-------+-------+-------++-------
  Melee: Hand axe          |    87 |   253 |    49 ||   389
         Punch             |     1 |     5 |     1 ||     7
         War axe           |       |       |    95 ||    95
 Invoke: Berserk           |     1 |     1 |     5 ||     7
         Trog's Hand       |     1 |     1 |     2 ||     4
    Use: Scroll            |     3 |     5 |     3 ||    11
 Armour: Animal skin       |    31 |       |       ||    31
         Ring mail         |    30 |   173 |   100 ||   303
  Dodge: Dodged            |    78 |   125 |    84 ||   287

Table legend: (Time is in decaauts)
 A = Elapsed time spent in this place.
 B = Non-inter-level travel time spent in this place.
 C = Inter-level travel time spent in this place.
 D = Time resting spent in this place.
 E = Time spent auto-exploring this place.
 F = Levels seen in this place.
 G = Mean time per level.
                   A        B        C        D        E       F      G
               +--------+--------+--------+--------+--------+-----+--------+
         Total |   4458 |   4379 |     79 |    148 |   2976 |   5 |  891.6 |
       Dungeon |   4458 |   4379 |     79 |    148 |   2976 |   5 |  891.6 |
               +--------+--------+--------+--------+--------+-----+--------+

Top non-repeatable levels by time:
     D:4: 1412 daAuts
     D:2: 951 daAuts
     D:1: 801 daAuts
     D:3: 800 daAuts
     D:5: 493 daAuts
